 Dungeon Crawl Stone Soup version 0.29.0-11-gd7f09526c8 (webtiles) character file.

Game seed: 10521244126019759117

13968 rogsnak the Destroyer (level 11, -2/82 HPs)
             Began as a Grey Draconian Air Elementalist on Sept 5, 2022.
             Was an Elder of Sif Muna.
             Slain by a cane toad simulacrum (3 damage)
             ... in an ice cave on Sept 6, 2022.
             The game lasted 00:42:37 (15514 turns).

rogsnak the Destroyer (DrAE)                       Turns: 15514, Time: 00:42:38

Health: -2/82      AC: 15    Str: 11    XL:     11   Next: 82%
Magic:  1/22       EV: 17    Int: 20    God:    Sif Muna [****..]
Gold:   877        SH:  5    Dex: 11    Spells: 21/29 levels left

rFire   . . .      SeeInvis .   O - +1 dagger (elec)
rCold   + . .      Faith    .   A - orb {light}
rNeg    . . .      Spirit   .   (body armour unavailable)
rPois   .          Reflect  +   (helmet restricted)
rElec   .          Harm     .   R - +0 cloak
rCorr   .          Rampage  .   w - +0 pair of gloves
Will    .....                   U - +0 pair of boots
Stlth   +.........              l - amulet of reflection
HPRegen 0.23/turn               r - ring of protection from cold
MPRegen 0.18/turn               Y - +4 ring of evasion

@: very slightly contaminated, glowing
A: AC +12, amphibious, unfitting armour, cold-blooded, low MP 1, wild magic 1
a: Renounce Religion, Channel Magic, Forget Spell, Divine Exegesis


You were in an ice cave.
You worshipped Sif Muna.
Sif Muna was greatly pleased with you.
You visited 2 branches of the dungeon, and saw 12 of its levels.
You also visited: Sewer and Ice Cave.

You collected 877 gold pieces.

Inventory:

Hand Weapons
 q - a +0 war axe of electrocution
 J - a +1 trident of venom
 M - a +2 dagger of venom
 O - a +1 dagger of electrocution (weapon)
 W - a +3 battleaxe of freezing
Missiles
 o - 26 poisoned darts
 D - 6 atropa-tipped darts
 N - a curare-tipped dart
Armour
 w - a +0 pair of gloves (worn)
 A - an orb of light (worn)
 R - a +0 cloak (worn)
 U - a +0 pair of boots (worn)
Jewellery
 c - a ring of flight
 l - an amulet of reflection (around neck)
 r - a ring of protection from cold (left hand)
 C - a ring of see invisible
 Y - a +4 ring of evasion (right hand)
Wands
 E - a wand of light (1)
 Q - a wand of charming (15)
 T - a wand of flame (11)
Scrolls
 d - 5 scrolls of amnesia {unknown}
 e - a scroll of silence {unknown}
 m - 2 scrolls of fear {unknown}
 n - 4 scrolls of teleportation {unknown}
 p - 2 scrolls of immolation {unknown}
 t - 2 scrolls of summoning {unknown}
 v - a scroll of enchant weapon
 F - 3 scrolls of enchant armour {unknown}
 G - a scroll of brand weapon
 H - a scroll of magic mapping
 I - 2 scrolls of butterflies {unknown}
Potions
 a - a potion of magic
 g - 2 potions of cancellation {unknown}
 h - 11 potions of curing
 i - 6 potions of haste {unknown}
 k - 3 potions of berserk rage {unknown}
 s - 4 potions of degeneration {unknown}
 z - 3 potions of attraction {unknown}
 K - a potion of lignification
 L - 2 potions of flight {unknown}
 P - a potion of resistance
 S - a potion of might
 Z - 3 potions of heal wounds {unknown}


   Skills:
 + Level 3.1 Fighting
 + Level 4.4 Dodging
 - Level 2.0 Stealth
 + Level 3.4 Shields
 + Level 9.9 Spellcasting
 * Level 10.3 Conjurations
 + Level 9.0 Air Magic
 + Level 2.2 Earth Magic
 + Level 1.4 Evocations


You had 21 spell levels left.
You knew the following spells:

 Your Spells              Type           Power      Damage    Failure   Level
a - Shock                 Conj/Air       100%       1d9       1%          1
b - Airstrike             Air            28%        2d(4-20)  3%          4
c - Stone Arrow           Conj/Erth      90%        3d12      3%          3

Your spell library contained the following spells:

 Spells                   Type           Power      Damage    Failure   Level
 Static Discharge         Conj/Air       59%        3-11/arc  1%          2
 Swiftness                Air            56%        N/A       1%          3
 Sandblast                Erth           48%        2d12      4%          1
 Passwall                 Tmut/Erth      15%        N/A       11%         2
 Gell's Gravitas          Tloc           12%        N/A       30%         3
 Lesser Beckoning         Tloc           12%        N/A       30%         3
 Teleport Other           Tloc           12%        N/A       30%         3
 Borgnjor's Revivificati  Necr           6%         N/A       100%        8
 Necromutation            Tmut/Necr      6%         N/A       100%        8
 Death's Door             Necr           6%         N/A       100%        9


Dungeon Overview and Level Annotations

Branches:
Dungeon (11/15)            Temple (1/1) D:6            Lair (0/5) D:9
    Orc (0/2) D:10          Sewer (visited)           IceCv (1/1)

Altars:
Ashenzari
Cheibriados
Dithmenos
Elyvilon
Fedhas
Gozag
Hepliaklqana
Kikubaaqudgha
Makhleb
Nemelex Xobeh
Okawaru
Qazlal
Ru
Sif Muna
Trog
Uskayaw
Vehumet
Wu Jian
Xom
Yredelemnul
Zin
The Shining One

Shops:
D:1 (


Innate Abilities, Weirdness & Mutations

Your dull iron-grey scales are very hard. (AC +12)
You are amphibious.
You cannot fit into any form of body armour.
You are cold-blooded and may be slowed by cold attacks.
Your magical capacity is low. (-10% MP)
Your spells are a little harder to cast, but a little more powerful.


Message History

The polar bear simulacrum closely misses you.
You block the polar bear simulacrum's attack.
The polar bear simulacrum closely misses you.
The polar bear simulacrum claws you. The polar bear simulacrum freezes you.
You resist.
The polar bear simulacrum claws you but does no damage.
The cane toad simulacrum hits you. The cane toad simulacrum freezes you.
You resist.
Unknown command.
Aiming: Throw Flame
Press: ? - help, Shift-Dir - straight line, f - polar bear simulacrum
Aim: a polar bear simulacrum (moderately damaged, haloed, 98% to hit)
The puff of flame hits the polar bear simulacrum.
The polar bear simulacrum melts!
The polar bear simulacrum is heavily damaged.
The polar bear simulacrum closely misses you.
The polar bear simulacrum claws you but does no damage.
The polar bear simulacrum misses you. The cane toad simulacrum hits you.
The cane toad simulacrum freezes you. You resist.
You block the polar bear simulacrum's attack.
The polar bear simulacrum claws you but does no damage. x2
Unknown command.
You hit the polar bear simulacrum but do no damage.
Lightning courses through the polar bear simulacrum!
The polar bear simulacrum vaporises!
Sif Muna accepts your kill. The cane toad simulacrum hits you.
* * * LOW HITPOINT WARNING * * *
The cane toad simulacrum freezes you. You resist.
* * * LOW HITPOINT WARNING * * *
You feel better. The polar bear simulacrum bites you.
* * * LOW HITPOINT WARNING * * *
The polar bear simulacrum freezes you! You resist.
* * * LOW HITPOINT WARNING * * *
The polar bear simulacrum misses you.
The polar bear simulacrum barely misses you.
The cane toad simulacrum hits you!
* * * LOW HITPOINT WARNING * * *
The cane toad simulacrum freezes you. You resist.
You die...

#######
##..∩..##
#...@°..#
#...Z°Z...#
#...........#
#...........#
#...........#
#.............#
#....8...8....#
#......[......#


You could see a cane toad simulacrum and a polar bear simulacrum.

Vanquished Creatures
  Snorg (D:11)
  A boulder beetle (D:8)
  A centaur warrior (D:7)
  Nergalle (D:11)
  A deep elf pyromancer (D:8)
  An ugly thing (IceCv)
  A manticore (D:8)
  A shining eye (shapeshifter) (D:8)
  Maurice (D:8)
  A komodo dragon (D:8)
  2 trolls (D:9)
  A hornet (D:9)
  Prince Ribbit (D:7)
  Grinder (D:6)
  Sigmund (D:2)
  A shadow (D:8)
  4 wyverns
  10 yaks
  A death yak simulacrum (IceCv)
  4 steam dragons
  5 vampire mosquitoes
  Menkaure (D:7)
  2 water moccasins
  An acid dragon (D:11)
  5 orc warriors
  3 ice beasts
  3 centaurs
  4 wolves (D:9)
  2 kobold brigands
  2 bullfrogs
  2 scorpions (D:6)
  2 gnoll sergeants
  A cane toad simulacrum (IceCv)
  15 wights
  4 killer bees (D:9)
  2 howler monkeys
  4 electric eels
  A lava snake (D:11)
  5 hounds
  9 orc priests
  A gnoll bouda (D:10)
  2 jellies
  Jessica (D:2)
  4 iguanas
  Natasha (thrice) (D:2)
  10 orc wizards
  A polar bear simulacrum (IceCv)
  An adder (D:5)
  24 gnolls
  2 ufetubi
  A worm (D:6)
  3 dart slugs
  50 orcs
  5 ball pythons
  6 bats
  8 endoplasms
  2 giant cockroaches (D:1)
  A goblin (D:2)
  8 hobgoblins
  7 jackals
  2 quokkas
  3 frilled lizards
  18 kobolds
  3 rats (D:1)
275 creatures vanquished.

Vanquished Creatures (others)
  A plant (D:9)
1 creature vanquished.

Grand Total: 276 creatures vanquished

Notes
Turn   | Place    | Note
-------+----------+-------------------------------------------
     0 | D:1      | rogsnak the Draconian Air Elementalist began the quest for
                  | the Orb.
     0 | D:1      | Reached XP level 1. HP: 14/14 MP: 3/3
   359 | D:1      | Found Ussivvep's Antique Weapon Emporium.
   361 | D:1      | Reached XP level 2. HP: 20/20 MP: 3/5
  1149 | D:2      | Noticed Natasha
  1156 | D:2      | Killed Natasha
  1157 | D:2      | Reached XP level 3. HP: 19/26 MP: 1/6
  1341 | D:2      | Reached skill level 2 in Conjurations
  1341 | D:2      | Reached XP level 4. HP: 28/33 MP: 1/7
  1408 | D:2      | Noticed Natasha
  1416 | D:2      | Killed Natasha
  1595 | D:2      | Noticed Sigmund
  1609 | D:2      | Killed Sigmund
  1610 | D:2      | Reached skill level 3 in Conjurations
  1610 | D:2      | Reached XP level 5. HP: 37/38 MP: 2/9
  1774 | D:2      | Reached XP level 6. HP: 45/45 MP: 4/10
  1881 | D:2      | Noticed Jessica
  1886 | D:2      | Killed Jessica
  1892 | D:2      | Learned a level 4 spell: Airstrike
  2156 | D:2      | Noticed Natasha
  2427 | D:2      | Killed Natasha
  3099 | D:3      | Found a white marble altar of Elyvilon.
  3416 | D:3      | Noticed a water moccasin
  3439 | D:3      | Killed a water moccasin
  3440 | D:3      | Reached skill level 4 in Conjurations
  3440 | D:3      | Reached skill level 5 in Air Magic
  4674 | D:4      | Found a radiant altar of Vehumet.
  4674 | D:4      | Found a shadowy altar of Dithmenos.
  4793 | D:4      | Your scales start taking on a dull iron-grey colour.
  4793 | D:4      | Reached XP level 7. HP: 50/50 MP: 7/13
  5054 | D:5      | Entered Level 5 of the Dungeon
  5730 | D:6      | Noticed Grinder
  5730 | D:6      | Paralysed by Grinder for 2 turns
  5798 | D:6      | Killed Grinder
  5799 | D:6      | Reached skill level 5 in Conjurations
  5824 | D:6      | Found a glowing drain.
  5933 | Sewer    | Entered a sewer
  6214 | Sewer    | Learned a level 3 spell: Stone Arrow
  6371 | D:6      | Found a staircase to the Ecumenical Temple.
  6382 | D:6      | Reached XP level 8. HP: 58/58 MP: 12/15
  6400 | D:6      | Reached skill level 5 in Air Magic
  6419 | D:6      | Reached skill level 5 in Spellcasting
  6601 | D:6      | Reached skill level 6 in Conjurations
  6631 | Temple   | Entered the Ecumenical Temple
  6654 | Temple   | Became a worshipper of Sif Muna the Loreminder
  7591 | D:6      | Reached skill level 7 in Conjurations
  7929 | D:7      | Noticed Prince Ribbit
  7963 | D:7      | Killed Prince Ribbit
  7972 | D:7      | Reached XP level 9. HP: 57/63 MP: 6/18
  8272 | D:7      | Noticed Menkaure
  8277 | D:7      | Killed Menkaure
  8568 | D:7      | Reached skill level 1 in Fighting
  8620 | D:7      | Found an opulent altar of Gozag.
  8623 | D:7      | Found a bloodstained altar of Trog.
  8623 | D:7      | Found a sparkling altar of Nemelex Xobeh.
  8643 | D:7      | Found a basalt altar of Yredelemnul.
  8646 | D:7      | Found a glowing silver altar of Zin.
  8699 | D:7      | Reached * piety under Sif Muna
  9174 | D:8      | Noticed Maurice
  9178 | D:8      | Killed Maurice
  9179 | D:8      | Reached skill level 8 in Conjurations
  9294 | D:8      | Found a shimmering altar of Xom.
  9311 | D:8      | Found a blossoming altar of Fedhas.
  9363 | D:8      | Noticed a centaur warrior
  9389 | D:7      | HP: 1/64 [centaur warrior/arrow (4)]
  9390 | D:7      | Killed a centaur warrior
  9391 | D:7      | Reached skill level 1 in Shields
  9864 | D:8      | Reached XP level 10. HP: 48/71 MP: 6/21
  9888 | D:8      | Noticed a boulder beetle
 10045 | D:8      | You are sucked into a shaft and drop 1 floor!
 10603 | D:8      | Killed a boulder beetle
 10799 | D:8      | Reached skill level 1 in Evocations
 11009 | D:8      | Noticed a deep elf pyromancer
 11013 | D:8      | Killed a deep elf pyromancer
 11014 | D:8      | Reached skill level 9 in Conjurations
 11174 | D:8      | Noticed a manticore
 11182 | D:8      | Killed a manticore
 11449 | D:8      | Reached ** piety under Sif Muna
 11472 | D:8      | Noticed a shining eye
 11478 | D:8      | Gained mutation: You occasionally lose the ability to read
                  | scrolls when taking damage. [a shining eye]
 11479 | D:8      | Killed a shining eye
 11953 | D:8      | Reached skill level 1 in Earth Magic
 11953 | D:8      | Reached XP level 11. HP: 66/78 MP: 24/24
 13164 | D:9      | Found a staircase to the Lair.
 13202 | D:9      | Reached *** piety under Sif Muna
 13862 | D:10     | Entered Level 10 of the Dungeon
 14020 | D:10     | Identified the +3 leather armour "Rorghe" {Stlth+}
 14334 | D:10     | Reached skill level 10 in Conjurations
 14563 | D:10     | Lost mutation: You occasionally lose the ability to read
                  | scrolls when taking damage. [potion of mutation]
 14563 | D:10     | Gained mutation: Your spells are a little harder to cast,
                  | but a little more powerful. [potion of mutation]
 14563 | D:10     | Gained mutation: Your magical capacity is low. (-10% MP)
                  | [potion of mutation]
 14712 | D:10     | Found a staircase to the Orcish Mines.
 14923 | D:10     | Reached **** piety under Sif Muna
 15232 | D:11     | Noticed Nergalle
 15238 | D:11     | Noticed a spectral orc warlord
 15239 | D:11     | Killed Nergalle
 15249 | D:11     | Noticed Snorg
 15280 | D:11     | Found a frozen archway.
 15308 | D:11     | Killed Snorg
 15497 | IceCv    | Entered an ice cave
 15497 | IceCv    | Noticed a white ugly thing
 15508 | IceCv    | Killed a white ugly thing
 15514 | IceCv    | HP: 1/82 [cane toad simulacrum (11)]
 15514 | IceCv    | Slain by a cane toad simulacrum

Illustrated notes

Levels and vault maps discovered:
D:1:      lightli_iron_boxes, layout_loops_ring, serial_shops, shop,
          kennysheep_boxes
D:2:      layout_basic, uniq_jessica, uniq_natasha, uniq_sigmund
D:3:      layout_loops_corners, elyvilon_altar_5, kennysheep_generic_room_4
D:4:      layout_loops_corners, gammafunk_temple_overflow_wave
D:5:      layout_rooms, nicolae_underground_beach
D:6:      layout_loops_ring, minmay_temple_entry_glass,
          cheibrodos_sewer_entry_bend, uniq_grinder
D:7:      layout_gridville, minmay_overflow_temple_star_hex,
          uniq_prince_ribbit1, uniq_menkaure
D:8:      hangedman_cross_veins, layout_basic, xom_teletrap_fun,
          amcnicky_altar_gilded, minmay_orc_keep, uniq_maurice
D:9:      layout_roguey, erik_lair_island, serial_bayou_pond_c
D:10:     layout_roguey, hiddenorc1_lemuel, serial_rivers,
          chequers_serial_rivers_micro_c, chequers_serial_rivers_small_b,
          chequers_serial_rivers_large_a, chequers_serial_rivers_room_a,
          chequers_serial_rivers_room_b, chequers_serial_rivers_marsh,
          hive_lemuel
D:11:     layout_stronghold, portal_ice_cave_entry_pillars_1,
          grunt_decor_junction, minmay_crystal_water,
          worldfamousw_hep_ancestral_shrine, uniq_snorg, uniq_nergalle
Temple:   nicolae_temple_ecumenical_triangle
IceCv:    ice_cave_statue_garden_transporter

Skill      XL: |  1  2  3  4  5  6  7  8  9 10 11 |
---------------+----------------------------------+-----
Air Magic      | 4 4 5 7 8 9 |  9.0
Conjurations   | 2 3 4 5 7 8 9 10 | 10.3
Dodging        | 2 3 4 |  4.4
Stealth        | 2 |  2.0
Spellcasting   | 3 4 6 7 9 |  9.9
Fighting       | 1 3 |  3.1
Shields        | 1 2 3 |  3.4
Evocations     | 1 |  1.4
Earth Magic    | 1 2 |  2.2

Action                   |  1- 3 |  4- 6 |  7- 9 | 10-12 || total
-------------------------+-------+-------+-------+-------++-------
Melee: Short sword       |     2 |       |       |       ||     2
       Spear             |     1 |    28 |    10 |       ||    39
       Tailslap          |       |     4 |     6 |    29 ||    39
       Trident           |       |       |    26 |   142 ||   168
       Dagger            |       |       |       |    28 ||    28
 Cast: Shock             |    57 |   102 |   180 |   112 ||   451
       Airstrike         |       |       |    25 |    69 ||    94
       Stone Arrow       |       |       |     4 |    41 ||    45
Evoke: Wand              |       |       |     2 |    13 ||    15
  Use: Potion            |       |       |     1 |     2 ||     3
       Scroll            |       |       |       |    11 ||    11
 Stab: Sleeping          |       |     1 |       |       ||     1
       Invisible         |       |       |       |     1 ||     1
Armor: Skin              |       |    14 |    40 |    95 ||   149
Dodge: Dodged            |     5 |    25 |    58 |   216 ||   304
Block: Other             |       |     8 |     1 |       ||     9
       Reflection        |       |     1 |     3 |     5 ||     9
       Orb               |       |       |    26 |    61 ||    87
